cohdb
Replays
Latest Replays
All Replays
Popular Replays
Top Player Replays
Match Explorer
How It Works
Community
CoH3 Stats
Reddit
Sign in to upload your games and track your stats! →
Sign in with Steam
Match 43460416
Unlisted
Match 43460416
Overview
Messages
Build Orders
End
Vickers Machine Gun Team
Construct Section Command Post
Selects Indian Artillery Battlegroup
Infantry Section
Infantry Section
Construct Platoon Command Post
Humber Armored Car
Selects Valour
Selects Gurkha Rifles Section
Gurkha Rifles Section
Unlock M3 Stuart Light Tanks
Gurkha Rifles Section
CMP 15cwt Truck
Infantry Training
Construct Field Infirmary
Construct Field Infirmary
Selects Pillage
Construct Company Command Post
PhoneyMcRing
Jonnies
Zamalek.YT ✪
bigcheese
Gonky
miaowu0w0
0
0
Comments
sign in to comment!
No comments posted yet!